 Dungeon Crawl Stone Soup version 0.31-a0-1612-g4aaf141004 (webtiles) character file.

Game seed: 10143693964025527330

48 AstroCodex24 the Shield-Bearer (level 3, -2/29 HPs)
             Began as a Vampire Fighter on Jan 5, 2024.
             Slain by a goblin
             ... wielding a +0 club
             ... led by Robin
              (3 damage)
             ... on level 4 of the Dungeon on Jan 9, 2024.
             The game lasted 00:03:27 (539 turns).

AstroCodex24 the Shield-Bearer (Vampire Fighter)     Turns: 539, Time: 00:03:27

Health: -2/29      AC: 11    Str: 17    XL:     3   Next: 50%
Magic:  3/3        EV:  4    Int: 10    God:
Gold:   39         SH:  4    Dex: 13    Spells: 2/2 levels left

rFire   . . .        a - +0 war axe
rCold   . . .        c - +0 buckler
rNeg    . . .        e - +0 plate armour
rPois   .            (no helmet)
rElec   .            (no cloak)
rCorr   .            (no gloves)
SInv    +            (no boots)
Will    .....        (no amulet) Stlth
                     (no ring)
HPRegen 0.44/turn    (no ring)
MPRegen 0.08/turn

%: no passive effects
@: healing quickly
A: alive, fangs 3, see invisible, vampiric 2
a: Exsanguinate


You were on level 4 of the Dungeon.
You visited 1 branch of the dungeon, and saw 4 of its levels.

You collected 39 gold pieces.

Inventory:

Hand Weapons
 a - a +0 war axe (weapon)
Armour
 c - a +0 buckler (worn)
 e - a +0 plate armour (worn)
Scrolls
 b - a scroll of vulnerability {unknown}
 d - a scroll of identify {unknown}


   Skills:
 + Level 3.0 Fighting
 + Level 2.5 Axes
 + Level 2.8 Armour
 + Level 3.0 Shields


You had 2 spell levels left.
You didn't know any spells.
Your spell library was empty.

Dungeon Overview and Level Annotations

Branches:
Dungeon (4/15)
 Temple: D:4-7

Altars:

Shops:
D:4 (

Annotations:
D:4 Robin


Innate Abilities, Weirdness & Mutations

Your natural rate of healing is accelerated.
You have razor-sharp teeth.
You have supernaturally acute eyesight. (SInv)
You are afflicted with vampirism and can become a bat while bloodless.


Message History

You closely miss the goblin. x2; You closely miss the orc.
You barely miss the goblin. The goblin hits you but does no damage.
Robin roars a battlecry!
The goblins go into a battle-frenzy!
The orc hits you with a +0 flail. You block the goblin's attack.
The goblin hits you but does no damage. x2; The orc hits you with a +0 flail.
The goblin hits you but does no damage. The goblin completely misses you.
You hear a shout!
You slash the goblin!
You kill the goblin!
You slash the orc!
You kill the orc!
You miss the goblin. You hit the goblin but do no damage.
The goblin hits you but does no damage.
A sky beast comes into view.
The goblin shoots a sling bullet.
The sling bullet hits you.
You closely miss the goblin. x2; You hit the goblin.
You kill the goblin!
You closely miss the goblin. The goblin hits you with a +0 dagger.
* * * LOW HITPOINT WARNING * * *
The goblin hits you but does no damage. The goblin hits you with a +0 dagger.
* * * LOW HITPOINT WARNING * * *
The goblin shoots a sling bullet.
The sling bullet hits you but does no damage.
The goblin barely misses you. You block the goblin's attack.
You hit the goblin.
You kill the goblin!
You barely miss the goblin. You hit the goblin but do no damage.
The goblin shoots a sling bullet.
The sling bullet hits you but does no damage.
The goblin hits you with a +0 dagger.
* * * LOW HITPOINT WARNING * * *
Robin throws the goblin at you! The goblin barely misses you.
The goblin unwields a +0 sling.
The goblin wields a +0 dagger.
The goblin hits you but does no damage.
You hit the goblin but do no damage. You slash the goblin!
You kill the goblin!
You barely miss the goblin. You hit the goblin. You block the goblin's attack.
The goblin hits you with a +0 club.
You die...

#......#.......#
##.............##
##...[..g.......∩##
#......g........>..
#......Y.........#
#.......g........#
#.........g......#
#.#.......gg)..)###
####.....#g@g......
...#########..##..
.... ..... .....
###.# ..... . .....


You could see a sky beast, Robin and 7 goblins.

Vanquished Creatures
  2 adders
  A dart slug (D:3)
  An orc (D:4)
  4 endoplasms
  A giant cockroach (D:3)
  2 hobgoblins
  4 jackals (D:2)
  A ball python (D:1)
  A frilled lizard (D:3)
  5 goblins
  2 kobolds
  2 rats (D:1)
26 creatures vanquished.

Notes
Turn   | Place    | Note
-------+----------+-------------------------------------------
     0 | D:1      | AstroCodex24 the Vampire Fighter began the quest for the
                  | Orb.
     0 | D:1      | Reached XP level 1. HP: 17/17 MP: 1/1
    16 | D:1      | Upgraded the game from 0.31-a0-1589-g8f5e8aebd6 to
                  | 0.31-a0-1612-g4aaf141004
   252 | D:1      | Reached XP level 2. HP: 23/23 MP: 2/2
   390 | D:3      | Gained mutation: You are afflicted with vampirism and can
                  | become a bat while bloodless. [Vampire growth]
   390 | D:3      | Reached XP level 3. HP: 23/29 MP: 3/3
   510 | D:4      | Noticed Robin
   530 | D:4      | Found Gurghol's Weapon Emporium.
   536 | D:4      | Noticed a sky beast
   538 | D:4      | HP: 1/29 [goblin/+0 dagger[Robin] (2)]
   539 | D:4      | Slain by a goblin

Illustrated notes

Levels and vault maps discovered:
D:1:      spicycebolla_arrival_ecumenical, layout_basic,
          chequers_serial_rivers_marsh, chequers_serial_rivers_room_b,
          dreamdust_princess_bridge
D:2:      layout_loops_cross, basic_altar, minmay_misc_feat_nine_boxes,
          uniq_terence, uniq_crazy_yiuf_cottage
D:3:      layout_basic, gammafunk_ghost_cemetery
D:4:      layout_rooms, tso_metal_star, nicolae_dithmenos_the_darkroom,
          serial_shops, shop, uniq_grinder, uniq_eustachio, uniq_robin

Skill      XL: |  1  2 |
---------------+-------+-----
Axes           | 2 |  2.5
Shields        | 3 |  3.0
Fighting       | 3 |  3.0
Armour         | |  2.8

Action                     || total
---------------------------++-------
  Melee: War axe           ||    62
         Bite              ||     5
    Use: Potion            ||     1
 Armour: Scale mail        ||     8
         Plate armour      ||    81
  Dodge: Dodged            ||    22
  Block: Buckler           ||    22

Table legend: (Time is in decaauts)
 A = Elapsed time spent in this place.
 B = Non-inter-level travel time spent in this place.
 C = Inter-level travel time spent in this place.
 D = Time resting spent in this place.
 E = Time spent auto-exploring this place.
 F = Levels seen in this place.
 G = Mean time per level.
                   A        B        C        D        E       F      G
               +--------+--------+--------+--------+--------+-----+--------+
         Total |    568 |    568 |      0 |      0 |      0 |   4 |  142.0 |
       Dungeon |    568 |    568 |      0 |      0 |      0 |   4 |  142.0 |
               +--------+--------+--------+--------+--------+-----+--------+

Top non-repeatable levels by time:
     D:1: 279 daAuts
     D:3: 169 daAuts
     D:2: 100 daAuts
     D:4: 19 daAuts
